 Dungeon Crawl Stone Soup version 0.27.1-34-g3ba077fa99 (webtiles) character file.

Game seed: 7015191636295328259

24 Eitelfritz the Sneak (level 3, -3/22 HPs)
             Began as a Kobold Brigand on Jan 12, 2022.
             Slain by a kobold (6 damage)
             ... on level 1 of the Dungeon.
             The game lasted 00:01:52 (547 turns).

Eitelfritz the Sneak (Kobold Brigand)                Turns: 547, Time: 00:01:52

Health: -3/22      AC:  3    Str:  9    XL:     3   Next: 15%
Magic:  3/3        EV: 14    Int: 12    God:
Gold:   0          SH:  0    Dex: 16    Spells: 2/2 levels left

rFire    . . .     SeeInvis .   c - +0 short sword
rCold    . . .     Faith    .   (shield restricted)
rNeg     . . .     Spirit   .   k - +0 robe
rPois    .         Reflect  .   (no helmet)
rElec    .         Harm     .   i - +0 cloak
rCorr    .         Rampage  .   (no gloves)
Will     .....                  (no boots)
Stlth    ++++......             (no amulet)
HPRegen  0.07/turn              (no ring)
MPRegen  0.08/turn              (no ring)

@: no status effects
A: small, no large weapons, nightstalker 3
a: no special abilities


You were on level 1 of the Dungeon.
You visited 1 branch of the dungeon, and saw 1 of its levels.

Inventory:

Hand Weapons
 a - a +2 dagger
 b - a +0 hunting sling
 c - a +0 short sword (weapon)
Missiles
 d - 8 poisoned darts (quivered)
 e - 2 curare-tipped darts
 j - 24 stones
Armour
 i - a +0 cloak (worn)
 k - a +0 robe (worn)
Scrolls
 f - a scroll of holy word {unknown}
 h - 2 scrolls of teleportation {unknown}
Potions
 g - a potion of flight {unknown}


   Skills:
 + Level 2.5 Fighting
 + Level 3.0 Short Blades
 + Level 2.3 Throwing
 + Level 1.2 Dodging
 + Level 6.2 Stealth


You had 2 spell levels left.
You didn't know any spells.
Your spell library was empty.

Dungeon Overview and Level Annotations

Branches:
Dungeon (1/15)

Altars:


Innate Abilities, Weirdness & Mutations

You are small and have problems with some larger weapons.
You are completely attuned to the shadows.


Message History

You hit the bat.
You kill the bat!
a - a +2 dagger (weapon)
You open the door.
There is an open door here.
An endoplasm and a goblin come into view.
The endoplasm quivers.
The endoplasm freezes you.
You are frozen.
You barely miss the endoplasm. The endoplasm misses you.
The goblin shouts!
There is an open door here.
You hit the endoplasm.
The endoplasm is almost dead.
The endoplasm hits you.
The kobold shouts!
You hit the endoplasm.
You kill the endoplasm!
Your Short Blades skill increases to level 3!
You miss the goblin. The goblin hits you with a +0 dagger.
c - a +0 short sword (weapon)
You closely miss the goblin. The goblin barely misses you.
You barely miss the goblin. The goblin hits you with a +0 dagger.
You hit the goblin.
The goblin is severely wounded.
The goblin hits you with a +0 dagger.
You hit the goblin but do no damage.
The goblin is severely wounded.
The goblin hits you but does no damage.
You closely miss the goblin.
The goblin is severely wounded.
The goblin hits you with a +0 dagger.
You hit the goblin.
You kill the goblin!
You barely miss the kobold. The kobold hits you with a +4 dagger.
* * * LOW HITPOINT WARNING * * *
You closely miss the kobold. The kobold hits you with a +4 dagger.
* * * LOW HITPOINT WARNING * * *
You hit the kobold but do no damage. The kobold hits you with a +4 dagger.
You die...

##.......####.#......##
##............#..#.#.#####
.+......#..#.....#+#......
.#....................###
.#...........^........'.#
....####.###..........###
....+.................+
....######............###
#..#.........###@#####..#
#.##.#####...# #K# #.##
#....# #.#.# #.# #...#
##########.#.###'###.##.
.#.#.#.#.#........... .#
..........##......... K#
#..........#.........
..#.......##.........
....#......#.#....##.


You could see a kobold.

Vanquished Creatures
  A gnoll (D:1)
  A dart slug (D:1)
  An endoplasm (D:1)
  A giant cockroach (D:1)
  2 goblins (D:1)
  A hobgoblin (D:1)
  2 kobolds (D:1)
  2 ball pythons (D:1)
  A bat (D:1)
12 creatures vanquished.

Notes
Turn   | Place    | Note
-------+----------+-------------------------------------------
     0 | D:1      | Eitelfritz the Kobold Brigand began the quest for the Orb.
     0 | D:1      | Reached XP level 1. HP: 12/12 MP: 1/1
   327 | D:1      | Reached XP level 2. HP: 18/18 MP: 2/2
   354 | D:1      | Reached skill level 6 in Stealth
   445 | D:1      | Reached XP level 3. HP: 22/22 MP: 3/3
   547 | D:1      | Slain by a kobold

Illustrated notes

Levels and vault maps discovered:
D:1:      co_arrival_square_in_a_square_in_a_square, layout_basic,
          serial_curves, eino_curves_03, eino_curves_03,
          shapermc_ecumenical_altar_notcrosses

Skill      XL: |  1  2  3 |
---------------+----------+-----
Stealth        | 6 |  6.2
Short Blades   | 3 |  3.0
Fighting       | |  2.5
Throwing       | |  2.3
Dodging        | |  1.2

Action                   || total
-------------------------++-------
Melee: Dagger            ||    20
       Short sword       ||    17
 Stab: Sleeping          ||     7
Armor: Robe              ||     9
Dodge: Dodged            ||    13
